 Dungeon Crawl Stone Soup version 0.28-a0-957-g42eb19b844 (webtiles) character file.

Game seed: 8349120768270692810

3591 bande the Cleaver (level 10, -6/61 HPs)
             Began as a Gargoyle Fighter on Dec 1, 2021.
             Mangled by an orc warrior (9 damage)
             ... on level 8 of the Dungeon.
             The game lasted 00:18:23 (10129 turns).

bande the Cleaver (Gargoyle Fighter)               Turns: 10129, Time: 00:18:23

Health: -6/61      AC: 20    Str: 22    XL:     10   Next: 10%
Magic:  10/10      EV:  6    Int:  9    God:
Gold:   358        SH:  5    Dex: 13    Spells: 9/9 levels left

rFire   . . .      SeeInvis .   a - +1 war axe (protect)
rCold   . . .      Faith    .   c - +0 buckler
rNeg    + . .      Spirit   .   t - +0 plate armour
rPois   ∞          Reflect  .   f - +1 helmet
rElec   +          Harm     .   b - +0 cloak
rCorr   .          Rampage  .   (no gloves)
Will    .....                   s - +0 pair of boots
Stlth   ..........              (no amulet)
HPRegen 0.20/turn               (no ring)
MPRegen 0.12/turn               (no ring)

@: mighty, corroded, under a protective aura
A: sickness immunity, AC +7, negative energy resistance 1, electricity
resistance, torment resistance 1, petrification resistance, agile 1
a: no special abilities


You were on level 8 of the Dungeon.
You visited 2 branches of the dungeon, and saw 9 of its levels.
You also visited: Sewer.

You collected 358 gold pieces.

Inventory:

Hand Weapons
 a - a +1 war axe of protection (weapon)
 o - a +2 flail of protection
 q - a +0 war axe
Armour
 b - a +0 cloak (worn)
 c - a +0 buckler (worn)
 f - a +1 helmet (worn)
 s - a +0 pair of boots (worn)
 t - a +0 plate armour (worn)
Jewellery
 e - a ring of wizardry
Wands
 h - a wand of mindburst (7)
 m - a wand of iceblast (8)
 r - a wand of flame (11)
Scrolls
 l - a scroll of blinking
 p - 4 scrolls of fear
 u - a scroll of fog
Potions
 d - 2 potions of might
 g - 2 potions of brilliance
 i - 4 potions of haste
 j - a potion of mutation
 k - a potion of flight
 w - a potion of ambrosia


   Skills:
 + Level 6.9 Fighting
 + Level 9.2 Axes
 + Level 7.0 Armour
 + Level 5.8 Shields
 * Level 4.2 Evocations


You had 9 spell levels left.
You didn't know any spells.
Your spell library contained the following spells:

 Spells                   Type           Power      Damage    Failure   Level
 Corpse Rot               Necr/Air       0%         N/A       100%        2
 Dispel Undead            Necr           0%         3d6       100%        4
 Death Channel            Necr           0%         N/A       100%        6


Dungeon Overview and Level Annotations

Branches:
Dungeon (8/15)             Temple (1/1) D:5            Lair (0/6) D:8
  Sewer (visited)

Altars:
Ashenzari
Dithmenos
Fedhas
Hepliaklqana
Kikubaaqudgha
Makhleb
Nemelex Xobeh
Qazlal
Ru
Sif Muna
Trog
Uskayaw
Vehumet
Wu Jian
Xom
Yredelemnul
The Shining One

Shops:
D:3 ?   D:5 (?=

Annotations:
D:3 1 runed translucent door, blank1's ghost, amateur MiFi


Innate Abilities, Weirdness & Mutations

You are immune to sickness and miasma.
Your stone body is resilient. (AC +7)
You are immune to poison.
You resist negative energy. (rN+)
You are resistant to electric shocks. (rElec)
You are resistant to unholy torment.
You are immune to petrification.
You are agile. (Dex +2)


Message History

Ouch! That really hurt!
You are too injured to fight recklessly!
You are too injured to fight recklessly!
You are too injured to fight recklessly!
You are too injured to fight recklessly!
You are too injured to fight recklessly!
You are too injured to fight recklessly!
You are too injured to fight recklessly!
You are too injured to fight recklessly!
You are too injured to fight recklessly!
You are too injured to fight recklessly!
An orc warrior comes into view.
It is wielding a +0 battleaxe and quivering boomerangs of dispersal.
The orc warrior shouts!
You hear a shout!
The orc hits you but does no damage.
There is an open door, spattered with blood here.
Items here: )) ? [.
The orc zaps a wand.
The bolt of acid hits you. The acid corrodes you!
An orc comes into view. It is wielding a staff of air.
The orc zaps a wand.
The bolt of acid hits you.
* * * LOW HITPOINT WARNING * * *
The acid corrodes you!
The orc throws a stone.
The stone barely misses you.
You feel much better.
The orc warrior hits you with a +0 battleaxe!
The orc zaps a wand.
The bolt of acid hits you!!
* * * LOW HITPOINT WARNING * * *
The acid corrodes you!
You feel very mighty all of a sudden.
The orc warrior hits you with a +0 battleaxe.
* * * LOW HITPOINT WARNING * * *
The orc hits you with a +0 whip.
* * * LOW HITPOINT WARNING * * *
Unknown command.
You slash the orc warrior!
Your weapon exudes an aura of protection.
The orc warrior is moderately wounded.
You slash the orc!
You kill the orc!
You closely miss the orc.
The orc warrior hits you with a +0 battleaxe!
You die...

##### .....##
(......##
?........#
.... .....##
..#.J #|..#
###..$#.[
#.@.###
###.o.#####
#.oo).#
....#..$#J[
#...#.######
.o..# ..#..
#...#...†..#
....# ..y.
....#######.#
####.#
yy.......#
#.# .#
.......## #.#
.. ....####
#.# ###
######.####
#.#


You could see an orc warrior and an orc.

Vanquished Creatures
  4 yaks (D:8)
  Eustachio (D:4)
  Edmund (D:5)
  Pargi (Sewer)
  2 ice beasts
  2 orc warriors
  A necrophage (D:7)
  2 black bears
  2 ogres (D:6)
  A phantom (D:7)
  4 centaurs
  A kobold brigand (D:7)
  2 bullfrogs
  2 scorpions (D:5)
  The ghost of Splishie the Skirmisher, a weakling GnWn of Qazlal (D:4)
  2 water moccasin skeletons (D:6)
  2 killer bees (D:7)
  4 wights (D:7)
  2 howler monkeys
  2 jellies (D:6)
  2 bullfrog zombies
  A centaur zombie (D:7)
  2 orc priests
  A bullfrog skeleton (D:6)
  2 centaur skeletons
  3 hounds
  2 iguanas
  An orc wizard (D:8)
  A hound zombie (D:5)
  A howler monkey zombie (D:8)
  6 adders
  2 river rats (D:5)
  A shadow imp (D:6)
  2 ufetubi (D:5)
  A worm (D:2)
  3 dart slugs
  28 orcs
  5 endoplasms
  3 giant cockroaches
  12 goblins
  4 hobgoblins
  5 jackals (D:1)
  14 kobolds
  3 quokkas
  6 ball pythons
  4 bats
  3 frilled lizards
  7 rats
  A butterfly (D:5)
165 creatures vanquished.

Vanquished Creatures (others)
  An orc (D:8)
1 creature vanquished.

Grand Total: 166 creatures vanquished

Notes
Turn   | Place    | Note
-------+----------+-------------------------------------------
     0 | D:1      | bande the Gargoyle Fighter began the quest for the Orb.
     0 | D:1      | Reached XP level 1. HP: 14/14 MP: 1/1
    31 | D:1      | Reached XP level 2. HP: 2/19 MP: 2/2
   404 | D:1      | Reached skill level 2 in Axes
   488 | D:1      | Found a faded altar of an unknown god.
   524 | D:1      | Reached XP level 3. HP: 21/24 MP: 3/3
  1413 | D:2      | Reached XP level 4. HP: 29/29 MP: 4/4
  1882 | D:3      | Found a runed translucent door.
  1882 | D:3      | Noticed blank1's ghost (amateur MiFi)
  1906 | D:3      | Found Uri Tosiri's Magic Scroll Boutique.
  1988 | D:2      | HP: 1/29 [orc priest/divine providence (11)]
  1991 | D:2      | Reached skill level 3 in Axes
  2445 | D:3      | Reached XP level 5. HP: 18/33 MP: 5/5
  3124 | D:4      | Noticed a black bear
  3136 | D:4      | Killed a black bear
  3470 | D:4      | Reached skill level 4 in Axes
  3470 | D:4      | Reached XP level 6. HP: 38/38 MP: 6/6
  3522 | D:4      | Noticed Eustachio
  4093 | D:4      | Found a runed translucent gate.
  4093 | D:4      | Found a runed translucent gate.
  4093 | D:4      | Found a runed translucent gate.
  4094 | D:4      | Noticed Splishie's ghost (weakling GnWn)
  4577 | D:4      | Killed Eustachio
  4804 | D:4      | Killed Splishie's ghost
  4805 | D:4      | Reached XP level 7. HP: 44/44 MP: 7/7
  4853 | D:5      | Entered Level 5 of the Dungeon
  4862 | D:5      | Found Hawuvyn's Magic Scroll Boutique.
  4957 | D:5      | Reached skill level 5 in Axes
  4957 | D:5      | Reached skill level 5 in Armour
  5033 | D:5      | Found Wulex's Antique Weapon Shop.
  5221 | D:5      | Found Bixenk's Jewellery Shoppe.
  5269 | D:5      | Noticed Edmund
  5279 | D:5      | Found a shimmering altar of Xom.
  5299 | D:5      | Killed Edmund
  5300 | D:5      | Reached skill level 5 in Fighting
  5310 | D:5      | Found a glowing drain.
  5343 | Sewer    | Entered a sewer
  5406 | Sewer    | Noticed Pargi
  5431 | Sewer    | Killed Pargi
  5432 | Sewer    | Reached XP level 8. HP: 39/49 MP: 8/8
  5674 | D:5      | Reached skill level 6 in Axes
  5975 | D:5      | Found a staircase to the Ecumenical Temple.
  5987 | Temple   | Entered the Ecumenical Temple
  6171 | D:5      | Found a burning altar of Makhleb.
  6443 | D:6      | Found a stormy altar of Qazlal.
  6457 | D:6      | Reached skill level 1 in Evocations
  6557 | D:6      | Found a glowing golden altar of the Shining One.
  6689 | D:6      | Reached skill level 5 in Shields
  7081 | D:6      | Found a hazy altar of Hepliaklqana.
  7168 | D:6      | Reached skill level 7 in Axes
  7519 | D:7      | Reached XP level 9. HP: 55/55 MP: 9/9
  7694 | D:7      | Found an ornate altar of the Wu Jian Council.
  7694 | D:7      | Found a sacrificial altar of Ru.
  7865 | D:7      | Found a hide-covered altar of Uskayaw.
  7877 | D:7      | Gained mutation: You are agile. (Dex +2) [potion of
                  | mutation]
  8818 | D:7      | Reached skill level 8 in Axes
  9257 | D:8      | Reached XP level 10. HP: 36/61 MP: 10/10
  9573 | D:8      | Identified the +1 chain mail of Fuufyph {-Tele rN+++ Str+2}
  9638 | D:7      | Reached skill level 9 in Axes
  9900 | D:8      | Found a staircase to the Lair.
 10128 | D:8      | HP: 3/61 [orc (1)]
 10129 | D:8      | Mangled by an orc warrior

Illustrated notes

Levels and vault maps discovered:
D:1:      minmay_arrival_shoal_huts, layout_loops_ring, basic_ecumenical_altar,
          minmay_octomino_j4
D:2:      layout_basic, serial_glass, glass_columns_c, glass_columns_a,
          glass_columns_b, glass_columns_a, glass_columns_b, glass_columns_b,
          glass_columns_b, glass_columns_a
D:3:      layout_loops_ring, serial_shops, nicolae_shop_statue_plus,
          gammafunk_ghost_grave
D:4:      layout_gridville, ebering_ghost_rock_garden, minmay_hedge_maze,
          uniq_eustachio
D:5:      layout_basic, xom_butterflies, makhleb_heckhound_becter,
          temple_statues, serial_shops, nicolae_square_shop, shop, shop,
          portal_sewer_entry_a, uniq_edmund
D:6:      layout_basic, mainiacjoe_overflow_concentric_impassable,
          mainiacjoe_overflow_catwalk, mainiacjoe_overflow_tiny_flanked,
          kennysheep_opposing_triangles
D:7:      layout_basic, eat_drink_and_be_merry_uskayaw,
          mainiacjoe_overflow_large_starburst
D:8:      layout_loops_ring, lair_entry_dummy, grunt_potential
Temple:   nicolae_temple_figure_zero

Skill      XL: |  1  2  3  4  5  6  7  8  9 10 |
---------------+-------------------------------+-----
Axes           | 2 3 4 5 7 8 9 |  9.2
Fighting       | 4 5 6 |  6.9
Armour         | 4 5 6 7 |  7.0
Shields        | 4 5 |  5.8
Evocations     | 2 4 |  4.2

Action                   |  1- 3 |  4- 6 |  7- 9 | 10-12 || total
-------------------------+-------+-------+-------+-------++-------
Melee: War axe           |   121 |   138 |   364 |    36 ||   659
  Use: Scroll            |     4 |     5 |    10 |       ||    19
       Potion            |       |     1 |     1 |     2 ||     4
Armor: Scale mail        |    66 |   109 |    39 |       ||   214
       Chain mail        |       |       |   137 |       ||   137
       Plate armour      |       |       |   160 |    48 ||   208
Dodge: Dodged            |    66 |    98 |   156 |    21 ||   341
Block: Buckler           |    25 |    35 |    95 |    14 ||   169

Table legend: (Time is in decaauts)
 A = Elapsed time spent in this place.
 B = Non-inter-level travel time spent in this place.
 C = Inter-level travel time spent in this place.
 D = Time resting spent in this place.
 E = Time spent auto-exploring this place.
 F = Levels seen in this place.
 G = Mean time per level.
                   A        B        C        D        E       F      G
               +--------+--------+--------+--------+--------+-----+--------+
         Total |  10306 |  10234 |     72 |   3111 |   4945 |  10 | 1030.6 |
       Dungeon |   9900 |   9828 |     72 |   3054 |   4684 |   8 | 1237.5 |
        Temple |    123 |    123 |      0 |      0 |    113 |   1 |  123.0 |
         Sewer |    281 |    281 |      0 |     57 |    148 |   1 |  281.0 |
               +--------+--------+--------+--------+--------+-----+--------+

Top non-repeatable levels by time:
     D:7: 1545 daAuts
     D:4: 1473 daAuts
     D:3: 1305 daAuts
     D:5: 1162 daAuts
     D:6: 1134 daAuts
     D:1: 1099 daAuts
     D:8: 1097 daAuts
     D:2: 1082 daAuts
   Sewer: 281 daAuts
  Temple: 123 daAuts
